 Dungeon Crawl Stone Soup version 0.28.0-45-g0d030f2227 (webtiles) character file.

Game seed: 16313023206148513616

536 Peloso the Covered (level 7, 0/60 HPs)
             Began as a Minotaur Fighter on Apr 2, 2022.
             Slain by a gnoll sergeant
             ... wielding a +0 spear
              (8 damage)
             ... on level 4 of the Dungeon.
             The game lasted 00:07:42 (4356 turns).

Peloso the Covered (Minotaur Fighter)               Turns: 4356, Time: 00:07:43

Health: 0/60       AC: 11    Str: 21    XL:     7   Next: 4%
Magic:  6/6        EV:  8    Int:  5    God:
Gold:   85         SH:  5    Dex: 11    Spells: 6/6 levels left

rFire   . . .      SeeInvis .   a - +0 long sword
rCold   . . .      Faith    .   c - +0 buckler
rNeg    . . .      Spirit   .   p - +0 chain mail
rPois   +          Reflect  .   (helmet restricted)
rElec   .          Harm     .   h - +0 cloak
rCorr   .          Rampage  .   (no gloves)
Will    +....                   (no boots)
Stlth   ..........              (no amulet)
HPRegen 0.20/turn               (no ring)
MPRegen 0.10/turn               (no ring)

@: no status effects
A: horns 2, retaliatory headbutt, strong-willed 1, poison resistance
a: no special abilities


You were on level 4 of the Dungeon.
You visited 2 branches of the dungeon, and saw 6 of its levels.

You collected 85 gold pieces.

Inventory:

Hand Weapons
 a - a +0 long sword (weapon)
Armour
 b - a +0 scale mail
 c - a +0 buckler (worn)
 h - a +0 cloak (worn)
 p - a +0 chain mail (worn)
Jewellery
 k - a ring of protection from fire
 o - a ring of ice
Wands
 n - a wand of iceblast (1)
Scrolls
 i - 3 scrolls of teleportation
 l - a scroll of holy word
 m - a scroll of immolation
Potions
 d - 2 potions of might
 e - 2 potions of mutation
 f - 2 potions of ambrosia
 g - 2 potions of haste


   Skills:
 + Level 4.7 Fighting
 + Level 6.0 Long Blades
 + Level 6.2 Armour
 + Level 1.5 Dodging
 + Level 0.2 Stealth
 + Level 4.7 Shields


You had 6 spell levels left.
You didn't know any spells.
Your spell library contained the following spells:

 Spells                   Type           Power      Damage    Failure   Level
 Sandblast                Erth           0%         2d4       99%         1
 Passwall                 Tmut/Erth      0%         N/A       100%        2
 Confusing Touch          Hex            0%         N/A       100%        3
 Stone Arrow              Conj/Erth      0%         3d7       100%        3
 Yara's Violent Unravell  Hex/Tmut       0%         3d3       100%        5
 Enfeeble                 Hex            0%         N/A       100%        7


Dungeon Overview and Level Annotations

Branches:
Dungeon (5/15)             Temple (1/1) D:4

Altars:
Gozag
Kikubaaqudgha
Makhleb
Okawaru
Qazlal
Trog
Vehumet
Wu Jian
Yredelemnul
Zin

Annotations:
D:5 Eustachio, Menkaure


Innate Abilities, Weirdness & Mutations

You have a pair of horns on your head.
You reflexively headbutt those who attack you in melee.
You are strong-willed. (Will+)
Your system is resistant to poisons. (rPois)


Message History

The gnoll sergeant is moderately wounded.
The gnoll hits you with a +0 halberd!
The gnoll sergeant hits you but does no damage.
You hit the gnoll sergeant but do no damage.
You headbutt the gnoll sergeant.
The gnoll sergeant is heavily wounded.
The gnoll hits you with a +0 halberd.
The gnoll sergeant hits you but does no damage.
You block the gnoll's attack.
You hit the gnoll sergeant but do no damage.
The gnoll sergeant is heavily wounded.
The gnoll sergeant hits you with a +0 spear!
The gnoll closely misses you. You furiously retaliate!
You headbutt the gnoll. The gnoll sergeant barely misses you.
You furiously retaliate!
You headbutt the gnoll sergeant. You hit the gnoll sergeant.
You headbutt the gnoll sergeant!
The gnoll sergeant is almost dead.
The gnoll hits you with a +0 halberd!
* * * LOW HITPOINT WARNING * * *
The gnoll sergeant hits you with a +0 spear.
* * * LOW HITPOINT WARNING * * *
Unknown command.
You hit the gnoll sergeant but do no damage.
The gnoll sergeant is almost dead.
The gnoll closely misses you.
The gnoll sergeant hits you with a +0 spear.
* * * LOW HITPOINT WARNING * * *
Unknown command.
You hit the gnoll sergeant but do no damage.
Your headbutt misses the gnoll sergeant.
The gnoll sergeant is almost dead.
The gnoll barely misses you. You furiously retaliate!
You headbutt the gnoll!
You kill the gnoll!
The gnoll sergeant hits you with a +0 spear.
* * * LOW HITPOINT WARNING * * *
Unknown command.
You hit the gnoll sergeant but do no damage.
The gnoll sergeant is almost dead.
The gnoll sergeant hits you with a +0 spear!
You die...

### ###.## #....# ###....###
### ..#.#....## #.##
....##....# ###g.#
...#####.####...@# ### ##..#
#.###..#)## ##.## #...#
#.#.......## #...# ....#
#.....#....# ##...#
....#####....#...## #....#
.##..#.##........# ##..## ###
####............## ##..[.###.#
##...............###.......#.##
..................##..#.......#


You could see a gnoll sergeant.

Vanquished Creatures
  An ogre (D:3)
  A howler monkey (D:4)
  2 hounds
  A jelly (D:4)
  An iguana (Temple)
  An orc wizard (D:4)
  Ijyb (D:3)
  6 gnolls
  9 adders
  2 dart slugs (D:2)
  7 orcs
  7 ball pythons
  6 bats
  8 endoplasms
  6 giant cockroaches
  3 goblins
  9 hobgoblins
  2 jackals
  11 kobolds
  6 quokkas
  3 frilled lizards
  4 rats
97 creatures vanquished.

Vanquished Creatures (others)
  A ball python (D:3)
1 creature vanquished.

Grand Total: 98 creatures vanquished

Notes
Turn   | Place    | Note
-------+----------+-------------------------------------------
     0 | D:1      | Peloso the Minotaur Fighter began the quest for the Orb.
     0 | D:1      | Reached XP level 1. HP: 19/19 MP: 0/0
   171 | D:1      | Reached XP level 2. HP: 24/27 MP: 1/1
   339 | D:1      | Found a faded altar of an unknown god.
   419 | D:1      | Gained mutation: Your system is resistant to poisons.
                  | (rPois) [potion of mutation]
   419 | D:1      | Gained mutation: You are strong-willed. (Will+) [potion of
                  | mutation]
   565 | D:1      | Reached XP level 3. HP: 33/33 MP: 2/2
  1168 | D:2      | Reached XP level 4. HP: 35/40 MP: 3/3
  1992 | D:3      | Reached XP level 5. HP: 47/47 MP: 4/4
  2102 | D:3      | Reached skill level 5 in Armour
  2135 | D:3      | Noticed Ijyb
  2144 | D:3      | Killed Ijyb
  2522 | D:3      | Reached skill level 5 in Long Blades
  2817 | D:3      | Found an iron altar of Okawaru.
  3314 | D:4      | Noticed an ogre
  3350 | D:3      | Killed an ogre
  3351 | D:3      | Reached skill level 1 in Dodging
  3351 | D:3      | Reached XP level 6. HP: 27/53 MP: 5/5
  3699 | D:4      | Found a staircase to the Ecumenical Temple.
  3710 | Temple   | Entered the Ecumenical Temple
  4183 | D:5      | Entered Level 5 of the Dungeon
  4185 | D:5      | Noticed Eustachio
  4193 | D:5      | Reached XP level 7. HP: 43/60 MP: 6/6
  4342 | D:5      | Noticed Menkaure
  4356 | D:4      | Slain by a gnoll sergeant

Illustrated notes

Levels and vault maps discovered:
D:1:      arrival_zaba_pyramid, layout_loops_ring,
          dreamdust_ecumenical_altar_angels_and_demons
D:2:      layout_loops_ring, amethyst_killhole
D:3:      layout_basic, general_overflow_altar, nicolae_overflow_hidden_temple,
          minmay_misc_feat_x, uniq_ijyb
D:4:      layout_cave_pools, minmay_temple_entry_sparse_star,
          roderic_roman_lattice
D:5:      layout_basic, nicolae_overflow_crystal_walls, elyvilon_altar_3,
          nicolae_uskayaw_murder_on_the_dancefloor, mainiacjoe_overflow_paths,
          uniq_menkaure, uniq_eustachio
Temple:   compressed_dpeg_triangle_lava_temple

Skill      XL: |  1  2  3  4  5  6  7 |
---------------+----------------------+-----
Fighting       | 4 |  4.7
Armour         | 4 5 6 |  6.2
Shields        | 4 |  4.7
Long Blades    | 3 4 5 6 |  6.0
Dodging        | 1 |  1.5
Stealth        | |  0.2

Action                   |  1- 3 |  4- 6 |  7- 9 || total
-------------------------+-------+-------+-------++-------
Melee: Long sword        |    72 |   141 |    10 ||   223
       Headbutt          |     6 |    27 |     2 ||    35
Evoke: Wand              |       |     1 |       ||     1
  Use: Potion            |     1 |     3 |       ||     4
       Scroll            |       |     5 |       ||     5
Armor: Scale mail        |    28 |    70 |       ||    98
       Chain mail        |       |    37 |     7 ||    44
Dodge: Dodged            |    24 |    81 |     7 ||   112
Block: Buckler           |    14 |    37 |     3 ||    54
